 Dungeon Crawl Stone Soup version 0.30-a0-1074-g5db6f66fbb (webtiles) character file.

Game seed: 2581967278056702627

120 BlueFish the Insei (level 5, 0/34 HPs)
             Began as an Octopode Transmuter on Apr 13, 2023.
             Slain by a bullfrog (7 damage)
             ... in a sewer.
             The game lasted 00:04:39 (1999 turns).

BlueFish the Insei (Octopode Transmuter)            Turns: 1999, Time: 00:04:39

Health: 0/34       AC:  1    Str: 12    XL:     5   Next: 4%
Magic:  7/8        EV: 13    Int: 15    God:
Gold:   108        SH:  0    Dex: 12    Spells: 2/8 levels left

rFire   . . .      SeeInvis .      - Unarmed
rCold   . . .      Faith    .    (no shield)
rNeg    . . .      Spirit   .    (helmet currently unavailable)
rPois   .          Reflect  .    (no amulet)
rElec   .          Rampage  .    (no ring)
rCorr   .                        (no ring)
Will    .....                    (no ring)
Stlth   ++++                     (no ring)
HPRegen 0.25/turn                (no ring)
MPRegen 0.11/turn                (no ring)
                                 (no ring)
                                 (no ring)

@: appendages
A: tentacle spike 3, almost no armour, amphibious, 8 rings, camouflage 1,
gelatinous body 1, nimble swimmer 1, tentacles
a: End Transformation


You were in a sewer.
One of your tentacles had grown a beastly spike.
You visited 1 branch of the dungeon, and saw 3 of its levels.
You also visited: Sewer.

You collected 108 gold pieces.

Inventory:

Hand Weapons
 b - a +0 sling
Missiles
 c - 25 stones (quivered)
 e - 6 boomerangs
 f - 4 atropa-tipped darts
Scrolls
 g - a scroll of fog
 i - a scroll of immolation
 j - a scroll of enchant weapon
 k - a scroll of magic mapping
 l - a scroll of enchant armour {unknown}
 m - a scroll of fear {unknown}
 n - a scroll of poison {unknown}
Potions
 a - a potion of lignification
 d - 3 potions of heal wounds
 h - a potion of cancellation


   Skills:
 + Level 1.7 Fighting
 + Level 1.1 Throwing
 + Level 2.4 Dodging
 * Level 2.9 Stealth
 + Level 3.3 Unarmed Combat
 + Level 2.3 Spellcasting
 + Level 2.4 Transmutations
 * Level 1.6 Poison Magic


You had 2 spell levels left.
You knew the following spells:

 Your Spells              Type           Power      Damage    Failure   Level
a - Beastly Appendage     Tmut           18%        N/A       8%          1
b - Wereblood             Tmut           9%         N/A       12%         2
c - Spider Form           Tmut/Pois      7%         N/A       28%         3

Your spell library contained the following spells:

 Spells                   Type           Power      Damage    Failure   Level
 Static Discharge         Conj/Air       2%         2-3/arc   32%         2
 Ice Form                 Ice/Tmut       5%         N/A       78%         4
 Airstrike                Air            0%         2d(1-17)  91%         4
 Summon Lightning Spire   Summ/Air       1%         N/A       91%         4


Dungeon Overview and Level Annotations

Branches:
Dungeon (3/15)              Sewer (1/1)

Altars:


Innate Abilities, Weirdness & Mutations

One of your tentacles has grown a beastly spike.
You cannot wear most types of armour.
You are amphibious.
You can wear up to eight rings at the same time.
Your skin changes colour to match your surroundings (Stealth+).
Your rubbery body absorbs attacks. (AC +1, EV +1)
You are camouflaged when in or above water. (Stealth+)
You have tentacles for arms and can constrict up to eight enemies at once.


Message History

The bullfrog gives a loud, deep croak!
The frilled lizard closely misses you.
You closely miss the bullfrog. Your grab misses the bullfrog.
The bullfrog closely misses you. The frilled lizard bites you.
The bullfrog hits you.
The giant cockroach attacks as you move away!
The giant cockroach misses you. The frilled lizard bites you.
The bullfrog attacks as you move away! The bullfrog misses you.
The bullfrog hits you. The bullfrog barely misses you.
You closely miss the bullfrog. Your grab misses the bullfrog.
You squeeze the bullfrog.
The bullfrog is moderately wounded.
The bullfrog hits you. The frilled lizard closely misses you.
The bullfrog completely misses you. The bullfrog closely misses you.
The bullfrog attacks as you move away! The bullfrog barely misses you. x2
The bullfrog misses you.
You closely miss the bullfrog. Your grab misses the bullfrog.
Your squeeze misses the bullfrog. The bullfrog closely misses you.
The bullfrog barely misses you.
Your magical contamination has completely faded away.
You closely miss the bullfrog. You grab the bullfrog.
You constrict the bullfrog. The bullfrog closely misses you. x2
The frilled lizard bites you. The bullfrog barely misses you.
The bullfrog misses you.
You tentacle-slap the bullfrog. Your grab misses the bullfrog.
The bullfrog is moderately wounded.
You constrict the bullfrog. The bullfrog misses you. The bullfrog hits you.
The frilled lizard bites you.
Casting: Beastly Appendage (safe; 8% risk of failure)
Confirm with . or Enter, or press ? or * to list all spells.
One of your tentacles grows a vicious spike.
You constrict the bullfrog. The bullfrog hits you. x2
The frilled lizard barely misses you. The bullfrog hits you.
You barely miss the bullfrog. Your grab misses the bullfrog.
You pierce the bullfrog.
You squeeze the bullfrog.
The bullfrog is heavily wounded.
You constrict the bullfrog. The bullfrog hits you.
* * * LOW HITPOINT WARNING * * *
The bullfrog closely misses you. The bullfrog hits you!
You die...

#~~~##.~≈~.# #.
#.~.##.~≈~.#≈≈≈≈≈≈≈≈≈#
#.
##~###.~≈~.~≈~≈≈≈≈≈≈≈≈
#. #.#
#.~≈~.≈~≈≈≈≈≈≈≈≈≈ #.
#.# #.~≈~.≈≈≈≈≈≈~≈≈≈≈
#. #∩#
#.~≈~.≈≈≈≈≈..~≈≈≈ #.
#.# #.~≈~~≈≈≈≈.!..≈≈≈
#. #∩#
#†~≈~~≈l≈~[$/.≈≈≈ #.
#.# #.~≈~≈@F≈~.$?≈≈≈≈
#. ###
#.~≈≈~≈FB.~~~≈≈≈≈ #.
#†~≈~≈~≈~~~~..≈≈≈ #.
#.~≈~≈~≈~~..~..≈≈ #~
#.~≈≈~≈≈~.≈~..∩~≈# #~
#.~≈≈~≈≈≈~≈≈~~~≈≈# #~
#.~≈≈~≈≈≈≈~≈≈≈~≈# #~
#.~≈~~≈≈≈≈≈~≈≈≈≈# #.
#.~≈~.≈≈≈≈≈≈~≈≈# #.


You could see 2 bullfrogs, a giant cockroach and a frilled lizard.

Vanquished Creatures
  5 adders
  2 worms
  3 ball pythons
  A bat (D:1)
  5 endoplasms
  10 giant cockroaches
  4 hobgoblins
  4 jackals (D:1)
  7 quokkas (Sewer)
  14 frilled lizards
  2 goblins
  5 kobolds
  3 rats
65 creatures vanquished.

Notes
Turn   | Place    | Note
-------+----------+-------------------------------------------
     0 | D:1      | BlueFish the Octopode Transmuter began the quest for the
                  | Orb.
     0 | D:1      | Reached XP level 1. HP: 13/13 MP: 3/3
   200 | D:1      | Reached skill level 1 in Stealth
   200 | D:1      | Reached XP level 2. HP: 18/18 MP: 3/5
   259 | D:1      | Learned a level 2 spell: Wereblood
   761 | D:2      | Reached XP level 3. HP: 23/23 MP: 6/6
   765 | D:2      | Learned a level 3 spell: Spider Form
  1157 | D:2      | Found a faded altar of an unknown god.
  1306 | D:2      | Reached skill level 1 in Poison Magic
  1306 | D:2      | Reached XP level 4. HP: 26/28 MP: 7/7
  1492 | D:3      | Found a glowing drain.
  1504 | D:3      | Reached skill level 1 in Throwing
  1591 | Sewer    | Entered a sewer
  1925 | Sewer    | Reached XP level 5. HP: 22/34 MP: 8/8
  1999 | Sewer    | Slain by a bullfrog

Illustrated notes

Levels and vault maps discovered:
D:1:      lemuel_arrival_broad_hall, layout_loops_ring
D:2:      minmay_skewed_foursquare, layout_rooms, basic_ecumenical_altar
D:3:      minmay_chambers_of_twos, layout_loops_ring, portal_sewer_entry_d
Sewer:    sewer_frog_island_01

Skill      XL: |  1  2  3  4 |
---------------+-------------+-----
Stealth        | 1 2 |  2.9
Poison Magic   | 1 |  1.6
Throwing       | 1 |  1.1
Fighting       | |  1.7
Dodging        | |  2.4
Unarmed Combat | |  3.3
Spellcasting   | |  2.3
Transmutations | |  2.4

Action                     |  1- 3 |  4- 6 || total
---------------------------+-------+-------++-------
  Melee: Unarmed           |    76 |    77 ||   153
         Constrict         |    17 |    19 ||    36
         Tentacles         |    14 |     9 ||    23
         Punch             |     4 |     2 ||     6
         Kick              |     7 |    16 ||    23
   Fire: Sling             |    10 |     3 ||    13
   Cast: Beastly Appendage |     6 |    11 ||    17
    Use: Scroll            |     1 |     5 ||     6
   Stab: Sleeping          |     4 |     5 ||     9
 Armour: Skin              |     5 |     5 ||    10
  Dodge: Dodged            |    36 |    56 ||    92

Table legend: (Time is in decaauts)
 A = Elapsed time spent in this place.
 B = Non-inter-level travel time spent in this place.
 C = Inter-level travel time spent in this place.
 D = Time resting spent in this place.
 E = Time spent auto-exploring this place.
 F = Levels seen in this place.
 G = Mean time per level.
                   A        B        C        D        E       F      G
               +--------+--------+--------+--------+--------+-----+--------+
         Total |   1988 |   1920 |     68 |     81 |   1335 |   4 |  497.0 |
       Dungeon |   1584 |   1516 |     68 |     81 |   1102 |   3 |  528.0 |
         Sewer |    404 |    404 |      0 |      0 |    233 |   1 |  404.0 |
               +--------+--------+--------+--------+--------+-----+--------+

Top non-repeatable levels by time:
     D:2: 757 daAuts
     D:1: 693 daAuts
   Sewer: 404 daAuts
     D:3: 133 daAuts
